 Dungeon Crawl Stone Soup version 0.26-a0-639-g72c4674329 (webtiles) character file.

Game seed: 3557476728046617572

26 Borgoz the Skirmisher (level 3, 0/23 HPs)
             Began as a Gargoyle Berserker on Sept 18, 2020.
             Was a Follower of Trog.
             Slain by a worm (7 damage)
             ... on level 2 of the Dungeon.
             The game lasted 00:01:17 (968 turns).

Borgoz the Skirmisher (Gargoyle Berserker)           Turns: 968, Time: 00:01:18

Health: 0/23       AC:  5    Str: 20    XL:     3   Next: 8%
Magic:  3/3        EV: 12    Int:  7    God:    Trog [*.....]
Gold:   50         SH:  0    Dex: 10    Spells: 2/2 levels left

rFire    . . .     SeeInvis .   a - +0 mace
rCold    . . .     Faith    .   (no shield)
rNeg     + . .     Spirit   .   b - +0 animal skin
rPois    ∞         Reflect  .   (no helmet)
rElec    +         Harm     .   (no cloak)
rCorr    .         Rampage  .   (no gloves)
MR       .....                  (no boots)
Stlth    +.........             (no amulet)
HPRegen  0.07/turn              (no ring)
MPRegen  0.08/turn              (no ring)

@: no status effects
A: negative energy resistance 1, electricity resistance, unbreathing,
petrification resistance, rot immunity, AC +3
a: Berserk, Renounce Religion


You were on level 2 of the Dungeon.
You worshipped Trog.
Trog was aware of your devotion.
You visited 1 branch of the dungeon, and saw 2 of its levels.

You collected 50 gold pieces.

Inventory:

Hand Weapons
 a - a +0 mace (weapon)
Armour
 b - a +0 animal skin (worn)
Jewellery
 i - an uncursed ring of ice {unknown}
Scrolls
 d - a scroll of teleportation {unknown}
 e - a scroll of enchant weapon {unknown}
 h - a scroll of amnesia {unknown}
Potions
 c - 2 potions of haste {unknown}
 f - a potion of curing {unknown}
 g - a potion of invisibility {unknown}


   Skills:
 + Level 3.6 Fighting
 + Level 3.3 Maces & Flails
 + Level 2.6 Armour
 + Level 2.0 Dodging


You had 2 spell levels left.
You didn't know any spells.
Your spell library was empty.

Dungeon Overview and Level Annotations

Branches:
Dungeon (2/15)

Altars:


Innate Abilities, Weirdness & Mutations

You are resistant to torment.
Your stone body is resilient. (AC +3)
You are immune to poison.
You resist negative energy. (rN+)
You are resistant to electric shocks. (rElec)
You can survive without breathing.
You are immune to petrification.
You are immune to rotting.


Message History

The worm closely misses you.
You barely miss the worm.
The worm is moderately wounded.
The worm barely misses you.
You hit the worm.
The worm is moderately wounded.
You hit the worm.
The worm is heavily wounded.
The worm misses you.
You hit the worm.
The worm is heavily wounded.
The worm bites you.
You are too injured to fight recklessly!
You are too injured to fight recklessly!
You are too injured to fight recklessly!
Okay, then.
You hit the worm but do no damage.
The worm is heavily wounded.
The worm bites you!
You die...

# ### #.####
#<# ...# #.#
##.#######.#
#..........#
#..#########
#......#
###.#(###.##
#....†@(#.#
#.#.#w#.#.#
#.#.#.#.# #
#.#$#.#
...>#.#
#.#.#.#
#.#.#.# #.
.#


You could see a worm.

Vanquished Creatures
  An ooze (D:1)
  2 giant cockroaches (D:1)
  5 goblins
  A hobgoblin (D:1)
  4 bats (D:1)
  A frilled lizard (D:1)
  4 kobolds
  5 rats
23 creatures vanquished.

Notes
Turn   | Place    | Note
-------+----------+-------------------------------------------
     0 | D:1      | Borgoz the Gargoyle Berserker began the quest for the Orb.
     0 | D:1      | Reached XP level 1. HP: 14/14 MP: 1/1
   109 | D:1      | Reached XP level 2. HP: 16/19 MP: 2/2
   717 | D:1      | Reached XP level 3. HP: 18/23 MP: 3/3
   968 | D:2      | Slain by a worm

Illustrated notes

Levels and vault maps discovered:
D:1:      elethiomel_arrival_fortress_basement, layout_loops_ring,
          minmay_small_reverse_x
D:2:      layout_basic

Skill      XL: |  1  2 |
---------------+-------+-----
Dodging        | 2 |  2.0
Fighting       | |  3.6
Maces & Flails | |  3.3
Armour         | |  2.6

Action                   || total
-------------------------++-------
Melee: Mace              ||    76
Armor: Animal skin       ||    18
Dodge: Dodged            ||    61

Table legend: (Time is in decaauts)
 A = Elapsed time spent in this place.
 B = Non-inter-level travel time spent in this place.
 C = Inter-level travel time spent in this place.
 D = Time resting spent in this place.
 E = Time spent auto-exploring this place.
 F = Levels seen in this place.
 G = Mean time per level.
                   A        B        C        D        E       F      G
               +--------+--------+--------+--------+--------+-----+--------+
         Total |    985 |    957 |     28 |      0 |    793 |   2 |  492.5 |
       Dungeon |    985 |    957 |     28 |      0 |    793 |   2 |  492.5 |
               +--------+--------+--------+--------+--------+-----+--------+

Top non-repeatable levels by time:
     D:1: 945 daAuts
     D:2: 40 daAuts
